cohdb
Replays
Latest Replays
All Replays
Popular Replays
Top Player Replays
Match Explorer
How It Works
Community
CoH3 Stats
Reddit
Sign in to upload your games and track your stats! →
Sign in with Steam
Match 45291283
Unlisted
Match 45291283
Overview
Messages
Build Orders
End
Construct Infanterie Kompanie
Selects Breakthrough Battlegroup
Selects Assault Grenadiers
MG 42 Machine Gun Team
Grenadier Squad
Grenadier Squad
Construct Panzergrenadier Kompanie
251 Medium Carrier
Selects 2.5-tonne Cargo Truck
2.5-tonne Cargo Truck
Medical Station
Support Elements
StuG III G Assault Gun
Panzergrenadier Squad
StuG III G Assault Gun
Selects Blitzkrieg
Pioneer Squad
StuG III G Assault Gun
Panzergrenadier Squad
Pioneer Squad
Panzergrenadier Squad
Panzergrenadier Squad
Pioneer Squad
Selects Tiger Heavy Tank
Tiger Heavy Tank
StuG III G Assault Gun
Selects Breakthrough
tizuswang
Orcinus orca
游戏玩家
Cese del fuego
Spectral_entropy
JoKeRX3
RitraXP
lebron dih
0
0
Comments
sign in to comment!
No comments posted yet!